 Dungeon Crawl Stone Soup version 0.27.1-3-gb3d3a73c9e (webtiles) character file.

Game seed: 13556171359749640988

4391 pkoi the Carver (level 10, -4/81 HPs)
             Began as a Minotaur Gladiator on Oct 24, 2021.
             Was a Believer of Dithmenos.
             Succumbed to barbed spike wounds
             ... on level 9 of the Dungeon.
             The game lasted 00:10:53 (7483 turns).

pkoi the Carver (Minotaur Gladiator)                Turns: 7483, Time: 00:10:54

Health: -4/81      AC:  7    Str: 22    XL:     10   Next: 13%
Magic:  11/11      EV: 19    Int:  9    God:    Dithmenos [**....]
Gold:   428        SH:  0    Dex: 20    Spells: 9/9 levels left

rFire    + + .     SeeInvis .   a - +6 great sword of Analysis {vorpal, rN++ Int+4 Dex+2}
rCold    . . .     Faith    .   (shield currently unavailable)
rNeg     + + .     Spirit   .   p - +1 leather armour of Zin's Generosity {Rampage rF+}
rPois    .         Reflect  .   c - +0 hat
rElec    .         Harm     .   N - +2 cloak
rCorr    .         Rampage  +   (no gloves)
Will     .....                  (no boots)
Stlth    ++++......             o - amulet of regeneration
HPRegen  1.23/turn              e - ring of Suspected Treachery {rF+ EV+4 Stlth+}
MPRegen  0.12/turn              k - +6 ring of dexterity

@: lethally poisoned (-4 -> -4), spiked, wreathed by umbra
A: horns 2, retaliatory headbutt
a: Renounce Religion, Shadow Step


You were on level 9 of the Dungeon.
You worshipped Dithmenos.
Dithmenos was pleased with you.
You visited 2 branches of the dungeon, and saw 10 of its levels.

You collected 784 gold pieces.
You spent 356 gold pieces at shops.

Inventory:

Hand Weapons
 a - the +6 great sword of Analysis (weapon) {vorpal, rN++ Int+4 Dex+2}
   (You bought it in a shop on level 3 of the Dungeon)

   It inflicts extra damage upon your enemies.
   Int:       It affects your intelligence (+4).
   Dex:       It affects your dexterity (+2).
   rN:        It greatly protects you from negative energy.
 b - a +2 dagger of electrocution
 A - a +0 vampiric long sword
 J - a +0 dagger of venom
Missiles
 d - 4 throwing nets (quivered)
 j - 38 poisoned darts
 r - 3 curare-tipped darts
 u - 5 javelins
Armour
 c - a +0 hat (worn)
 p - the +1 leather armour of Zin's Generosity (worn) {Rampage rF+}
   (You found it on level 4 of the Dungeon)

   rF:        It protects you from fire.
   Rampage:   It bestows one free step when moving towards enemies.
 N - a +2 cloak (worn)
Jewellery
 e - the ring of Suspected Treachery (left hand) {rF+ EV+4 Stlth+}
   (You acquired it on level 2 of the Dungeon)

   [ring of evasion]

   EV:        It affects your evasion (+4).
   rF:        It protects you from fire.
   Stlth:     It makes you more stealthy.
 f - a ring of positive energy
 k - a +6 ring of dexterity (right hand)
 o - an amulet of regeneration (around neck)
 y - a ring of willpower
 C - an amulet of faith
 F - an amulet of magic regeneration
 G - a ring of see invisible
 K - a ring of fire
Wands
 s - a wand of flame (37)
 H - a wand of mindburst (12)
 L - a wand of iceblast (11)
Scrolls
 w - a scroll of fog
 x - 3 scrolls of enchant weapon
 B - 4 scrolls of identify
 E - a scroll of holy word
 M - a scroll of teleportation
Potions
 g - a potion of attraction {unknown}
 h - a potion of resistance
 m - 6 potions of heal wounds {unknown}
 n - 3 potions of cancellation {unknown}
 q - a potion of flight {unknown}
 t - 3 potions of curing {unknown}
 v - 2 potions of berserk rage {unknown}
 z - a potion of mutation {unknown}
 D - 2 potions of brilliance {unknown}
 I - 2 potions of haste {unknown}


   Skills:
 + Level 5.4 Fighting
 + Level 14.0 Long Blades
 - Level 2.0 Throwing
 + Level 4.7 Armour
 + Level 5.5 Dodging
 + Level 2.0 Stealth
 + Level 3.8 Invocations
 - Level 1.1 Evocations


You had 9 spell levels left.
You didn't know any spells.
Your spell library contained the following spells:

 Spells                   Type           Power      Damage    Failure   Level
 Pain                     Necr           0%         1d4       43%         1
 Ignite Poison            Fire/Tmut/Pois 0%         N/A       80%         3
 Mephitic Cloud           Conj/Pois/Air  0%         N/A       80%         3
 Tukima's Dance           Hex            0%         N/A       80%         3
 Passage of Golubria      Tloc           N/A        N/A       99%         4
 Agony                    Necr           0%         N/A       100%        5
 Bolt of Magma            Conj/Fire/Erth 0%         4d4       100%        5
 Excruciating Wounds      Necr           0%         N/A       100%        5
 Yara's Violent Unravell  Hex/Tmut       0%         3d3       100%        5


Dungeon Overview and Level Annotations

Branches:
Dungeon (9/15)             Temple (1/1) D:5
   Lair: D:8-11         Orc: D:9-12

Altars:
Ashenzari
Cheibriados
Dithmenos
Elyvilon
Fedhas
Gozag
Hepliaklqana
Kikubaaqudgha
Makhleb
Nemelex Xobeh
Okawaru
Qazlal
Ru
Sif Muna
Trog
Uskayaw
Vehumet
Wu Jian
Xom
Yredelemnul
Zin
The Shining One

Shops:
D:3 (   D:7 (


Innate Abilities, Weirdness & Mutations

You have a pair of horns on your head.
You reflexively headbutt those who attack you in melee.


Message History

Your headbutt misses the killer bee.
The killer bee is moderately wounded.
The killer bee zombie completely misses you.
You furiously retaliate!
You headbutt the killer bee zombie. The bullfrog closely misses you.
You furiously retaliate!
You headbutt the bullfrog.
The boulder beetle curls into a ball and begins rolling!
The barbed spikes dig painfully into your body as you move.
* * * LOW HITPOINT WARNING * * *
The killer bee misses you. You furiously retaliate!
You headbutt the killer bee!
The barbed spikes dig painfully into your body as you move.
* * * LOW HITPOINT WARNING * * *
The killer bee closely misses you.
The barbed spikes dig painfully into your body as you move.
* * * LOW HITPOINT WARNING * * *
The boulder beetle stops rolling and uncurls.
The killer bee misses you.
The barbed spikes dig painfully into your body as you move.
* * * LOW HITPOINT WARNING * * *
The killer bee stings you.
* * * LOW HITPOINT WARNING * * *
You are poisoned.
The killer bee poisons you!
The barbed spikes dig painfully into your body as you move.
* * * LOW HITPOINT WARNING * * *
You feel sick. The killer bee completely misses you.
The bullfrog barely misses you.
There is a stone staircase leading up here.
You feel sick. The killer bee misses you. You furiously retaliate!
You headbutt the killer bee!
You kill the killer bee!
Dithmenos accepts your kill. The bullfrog completely misses you.
You furiously retaliate!
You headbutt the bullfrog.
The killer bee zombie completely misses you.
The boulder beetle leaps!
The kobold demonologist looks satisfied for a moment.
The barbed spikes dig painfully into your body as you move.
You die...

#############
####...........#
...............#### ####
.......@..........###...
.###..Z†F......[...<....
##..................# .
#.#.°...........(..# .K
#!..H#####.........#
c.####.....#.........#
#.B?##....####......#
#.H..#K......'......#
#...○#.......#...[..#


You could see a manticore, a kobold demonologist, a bullfrog and a killer bee
zombie.

Vanquished Creatures
  Maggie (D:6)
  Prince Ribbit (D:5)
  A steam dragon (D:9)
  3 water moccasins
  5 black bears
  3 ice beasts (D:7)
  A sky beast (D:5)
  2 necrophages
  5 ogres
  A phantom (D:5)
  A kobold brigand (D:8)
  2 bullfrogs (D:8)
  A water moccasin zombie (D:5)
  A wyvern zombie (D:5)
  5 scorpions
  A wyvern skeleton (D:6)
  A killer bee (D:9)
  7 wights
  A howler monkey (D:9)
  2 bullfrog zombies
  2 centaur zombies
  A centaur skeleton (D:6)
  2 hounds (D:5)
  A gnoll shaman (D:6)
  4 jellies
  A bullfrog skeleton (D:5)
  6 iguanas
  Natasha (thrice) (D:2)
  2 orc wizards
  13 gnolls
  9 adders
  An ufetubus (D:5)
  3 worms
  3 dart slugs
  19 orcs
  6 endoplasms
  3 giant cockroaches
  5 goblins
  5 hobgoblins
  3 quokkas
  3 training dummies (D:7)
  4 ball pythons
  3 bats
  4 frilled lizards
  9 kobolds
  10 rats
170 creatures vanquished.

Notes
Turn   | Place    | Note
-------+----------+-------------------------------------------
     0 | D:1      | pkoi the Minotaur Gladiator began the quest for the Orb.
     0 | D:1      | Reached XP level 1. HP: 18/18 MP: 0/0
   272 | D:1      | Reached skill level 4 in Long Blades
   317 | D:1      | Reached XP level 2. HP: 25/25 MP: 1/1
   977 | D:2      | Noticed Natasha
   981 | D:2      | Noticed a crimson imp
   985 | D:2      | Killed Natasha
   986 | D:2      | Reached skill level 5 in Long Blades
   986 | D:2      | Reached XP level 3. HP: 24/30 MP: 2/2
  1059 | D:2      | Identified a scroll of acquirement
  1059 | D:2      | Acquired the ring of Suspected Treachery {rF+ EV+4 Stlth+}
  1067 | D:2      | Noticed Natasha
  1076 | D:2      | Killed Natasha
  1077 | D:2      | Reached skill level 6 in Long Blades
  1077 | D:2      | Reached XP level 4. HP: 20/37 MP: 3/3
  1087 | D:2      | Noticed Natasha
  1096 | D:2      | Killed Natasha
  1707 | D:2      | Reached skill level 7 in Long Blades
  1707 | D:2      | Reached XP level 5. HP: 42/42 MP: 4/4
  2032 | D:3      | Found Ufeashui's Antique Weapon Shop.
  2727 | D:4      | Noticed an ogre
  2736 | D:4      | Killed an ogre
  2737 | D:4      | Reached skill level 8 in Long Blades
  2737 | D:4      | Reached XP level 6. HP: 30/50 MP: 5/5
  2997 | D:4      | Identified the +1 leather armour of Zin's Generosity
                  | {Rampage rF+}
  3315 | D:4      | Reached skill level 9 in Long Blades
  3756 | D:5      | Entered Level 5 of the Dungeon
  3766 | D:5      | Reached XP level 7. HP: 45/56 MP: 6/6
  3806 | D:5      | Noticed Prince Ribbit
  3828 | D:5      | Killed Prince Ribbit
  3829 | D:5      | Reached skill level 10 in Long Blades
  3890 | D:5      | Found a staircase to the Ecumenical Temple.
  3901 | Temple   | Entered the Ecumenical Temple
  4080 | Temple   | Became a worshipper of Dithmenos the Shadowed
  4132 | Temple   | Reached skill level 11 in Long Blades
  4217 | D:5      | You fall into a shaft and drop 3 floors!
  4239 | D:8      | Reached XP level 8. HP: 56/62 MP: 7/7
  4367 | D:6      | Reached skill level 12 in Long Blades
  4559 | D:6      | Noticed Maggie
  4939 | D:5      | Reached skill level 13 in Long Blades
  5143 | D:5      | Reached skill level 1 in Armour
  5146 | D:5      | Reached skill level 1 in Invocations
  5149 | D:5      | Reached XP level 9. HP: 28/69 MP: 8/8
  5155 | D:5      | Reached * piety under Dithmenos
  5644 | D:3      | Bought a bloodstained great sword for 356 gold pieces
  5644 | D:3      | Identified the +6 great sword of Analysis {vorpal, rN++
                  | Int+4 Dex+2} (You bought it in a shop on level 3 of the
                  | Dungeon)
  5817 | D:6      | Killed Maggie
  6000 | D:6      | Reached skill level 1 in Evocations
  6278 | D:7      | Reached skill level 5 in Dodging
  6431 | D:7      | Reached skill level 1 in Stealth
  6595 | D:7      | Reached skill level 5 in Fighting
  6643 | D:7      | Reached ** piety under Dithmenos
  6668 | D:7      | Found Cipredgh's Firing Range.
  7058 | D:8      | Found a burning altar of Makhleb.
  7135 | D:8      | Reached XP level 10. HP: 81/81 MP: 11/11
  7388 | D:9      | Reached skill level 14 in Long Blades
  7466 | D:9      | Noticed a boulder beetle
  7466 | D:9      | Noticed a manticore
  7481 | D:9      | HP: 4/81 [barbs]
  7483 | D:9      | Succumbed to barbed spike wounds

Illustrated notes

Levels and vault maps discovered:
D:1:      onia_arrival_mini_spirals, layout_basic, serial_bayou_pond_e,
          corexii_item_surrounded_by_moat
D:2:      layout_basic, uniq_natasha
D:3:      layout_loops_ring, serial_shops, shop
D:4:      layout_basic, grunt_ministairs_11, kennysheep_opposing_triangles
D:5:      minmay_polygon_palace, layout_basic, minmay_temple_entry_junction,
          uniq_prince_ribbit1
D:6:      layout_basic, chequers_serial_rivers_small_a, uniq_maggie
D:7:      layout_loops_corners, corexii_checkpoint_a,
          kennysheep_decorative_pillar, nicolae_shop_firing_range
D:8:      layout_basic, mainiacjoe_overflow_brackets, st_stairs_8
D:9:      minmay_twisted_water, layout_irregular_city, lair_entry_dummy,
          orc_david_3, minmay_bent
Temple:   minmay_crystal_snake_temple

Skill      XL: |  1  2  3  4  5  6  7  8  9 10 |
---------------+-------------------------------+-----
Long Blades    | 4 5 6 7 8 9 11 13 14 | 14.0
Armour         | 1 4 |  4.7
Invocations    | 1 3 |  3.8
Fighting       | 3 5 |  5.4
Dodging        | 5 |  5.5
Evocations     | 1 |  1.1
Stealth        | 1 2 |  2.0
Throwing       | |  2.0

Action                   |  1- 3 |  4- 6 |  7- 9 | 10-12 || total
-------------------------+-------+-------+-------+-------++-------
Melee: Long sword        |    20 |       |       |       ||    20
       Headbutt          |     6 |    18 |    67 |     6 ||    97
       Dagger            |    20 |    98 |   164 |     2 ||   284
       Great sword       |       |       |    50 |    15 ||    65
  Use: Scroll            |     2 |     4 |     6 |       ||    12
 Stab: Sleeping          |       |    11 |     7 |       ||    18
       Distracted        |       |     1 |     2 |       ||     3
Armor: Leather armour    |     5 |    10 |    40 |     3 ||    58
Dodge: Dodged            |    27 |    47 |   173 |    27 ||   274
       Rpst.: Long sword |     4 |       |       |       ||     4
       Great sword       |       |       |     5 |     5 ||    10
